 Dungeon Crawl Stone Soup version 0.29.1-15-g9cfb28693d (webtiles) character file.

Game seed: 7109578699636650370

130112 KidAlby the Shatterer (level 16, -2/149 HPs)
             Began as a Minotaur Berserker on Apr 11, 2023.
             Was a High Priest of Trog.
             Succumbed to a naga warrior's splash of poison
             ... on level 2 of the Lair of Beasts on Apr 12, 2023.
             The game lasted 01:50:03 (28265 turns).

KidAlby the Shatterer (Minotaur Berserker)         Turns: 28265, Time: 01:50:04

Health: -2/149     AC: 39    Str: 35    XL:     16   Next: 52%
Magic:  15/15      EV: 11    Int:  7    God:    Trog [*****.]
Gold:   3249       SH:  5    Dex: 12    Spells: 15/15 levels left

rFire   . . .      SeeInvis .   e - +6 great mace (protect)
rCold   + . .      Faith    .   (shield currently unavailable)
rNeg    + . .      Spirit   .   K - +4 crystal plate armour {rC+}
rPois   .          Reflect  +   (helmet restricted)
rElec   .          Harm     .   m - +2 cloak
rCorr   +          Rampage  .   h - +2 pair of gloves
Will    +....                   u - +2 pair of boots
Stlth   ..........              n - amulet of reflection
HPRegen 0.34/turn               Q - ring of Nuodeije {rPois rN+ rCorr Str+3 Int+3}
MPRegen 0.14/turn               U - +6 ring of strength

@: lethally poisoned (-2 -> -15), poison vulnerable, studying 2 skills
A: horns 2, retaliatory headbutt, dopey 1
a: Renounce Religion, Berserk, Trog's Hand, Brothers in Arms


You were on level 2 of the Lair of Beasts.
You worshipped Trog.
Trog was extremely pleased with you.
You visited 5 branches of the dungeon, and saw 24 of its levels.
You also visited: Ice Cave and Volcano.

You collected 3485 gold pieces.
You spent 236 gold pieces at shops.

Inventory:

Hand Weapons
 e - a +6 great mace of protection (weapon)
 z - a +2 double sword of freezing
 G - a +2 vampiric war axe
 J - a +2 demon whip of flaming
 L - a +0 executioner's axe
 P - a +5 hand axe of flaming
Missiles
 i - 4 throwing nets (quivered)
Armour
 h - a +2 pair of gloves (worn)
 m - a +2 cloak (worn)
 u - a +2 pair of boots (worn)
 K - a +4 crystal plate armour of cold resistance (worn)
 Y - an orb of mayhem
Jewellery
 d - a ring of protection from cold
 n - an amulet of reflection (around neck)
 o - an amulet of guardian spirit
 p - a +4 ring of protection
 x - a ring of resist corrosion
 D - a +4 ring of slaying
 Q - the ring of Nuodeije (left hand) {rPois rN+ rCorr Str+3 Int+3}
   (You acquired it on level 14 of the Dungeon)

   [ring of poison resistance]

   Str:       It affects your strength (+3).
   Int:       It affects your intelligence (+3).
   rPois:     It protects you from poison.
   rN:        It protects you from negative energy.
   rCorr:     It protects you from acid and corrosion.
 T - a +4 ring of evasion
 U - a +6 ring of strength (right hand)
 V - a ring of protection from fire
 X - a ring of willpower
Wands
 c - a wand of flame (17)
 j - a wand of mindburst (12)
 s - a wand of iceblast (17)
 w - a wand of paralysis (2)
 y - a wand of quicksilver (20)
 A - a wand of digging (8)
Scrolls
 a - a scroll of silence
 g - 12 scrolls of blinking
 k - 8 scrolls of fog
 l - 7 scrolls of magic mapping
 q - 4 scrolls of teleportation
 t - 3 scrolls of summoning
 H - 3 scrolls of fear
 S - a scroll of poison
 W - 2 scrolls of identify
Potions
 b - 4 potions of curing
 r - 2 potions of might
 v - 6 potions of magic
 B - 3 potions of resistance
 C - 2 potions of invisibility
 E - a potion of heal wounds
 F - 4 potions of haste
 I - a potion of flight
 N - a potion of lignification
Miscellaneous
 M - a box of beasts


   Skills:
 - Level 15.4 Fighting
 - Level 11.1 Short Blades
 - Level 4.0(15.4) Axes
 - Level 22.6(22.7) Maces & Flails
 + Level 15.9 Armour
 - Level 11.8 Dodging


You had 15 spell levels left.
You didn't know any spells.
Your spell library was empty.

Dungeon Overview and Level Annotations

Branches:
Dungeon (15/15)            Temple (1/1) D:4            Lair (5/5) D:10
 Shoals (0/4) Lair:2        Snake (1/4) Lair:2        Slime (0/5) Lair:5
    Orc (2/2) D:9             Elf (0/3) Orc:2        Vaults (0/5) D:14
 Depths (0/4) D:15          IceCv (visited)         Volcano (visited)

Altars:
Ashenzari
Cheibriados
Dithmenos
Elyvilon
Fedhas
Gozag
Hepliaklqana
Kikubaaqudgha
Makhleb
Nemelex Xobeh
Okawaru
Qazlal
Ru
Sif Muna
Trog
Uskayaw
Vehumet
Wu Jian
Xom
Yredelemnul
Zin
The Shining One
Jiyva
Lugonu

Shops:
D:5 *   D:7 *   D:12 (   Orc:2 =[([


Innate Abilities, Weirdness & Mutations

You have a pair of horns on your head.
You reflexively headbutt those who attack you in melee.
You are dopey. (Int -2)


Message History

The naga looks frightened! x2
The naga warrior resists with almost no effort.
You feel sick.
* * * LOW HITPOINT WARNING * * *
You are more poisoned.
The naga ritualist's toxic aura wanes.
The naga loses its grip on you. The naga warrior barely misses you.
The naga howls in fear.
You feel sick.
Your iron troll bites the naga ritualist!
Your iron troll claws the naga ritualist!
Your iron troll's attack snaps the naga ritualist out of its fear.
Your iron troll closely misses the naga ritualist.
The naga warrior roars a battlecry!
The nagas go into a battle-frenzy!
The naga attempts to regain its composure.
You see here a black mamba corpse.
You feel sick. The naga ritualist spits poison at you.
The splash of poison hits you but does no damage.
You are more poisoned.
Your iron troll bites the naga ritualist!!
Your iron troll barely misses the naga ritualist. x2
There is a staircase back to the Lair, spattered with blood here.
* * * LOW HITPOINT WARNING * * *
You feel sick.
Your iron troll barely misses the naga ritualist.
Your iron troll claws the naga ritualist.
Your iron troll claws the naga ritualist!
The naga ritualist prays to its god.
The naga ritualist begins to radiate toxic energy.
* * * LOW HITPOINT WARNING * * *
You are more poisoned.
Your iron troll looks even sicker.
The naga warrior spits poison at you.
The splash of poison hits you but does no damage.
You are more poisoned.
You climb upwards.
Welcome back to the Lair of Beasts!
Your summoned ally is left behind.
You die...

##..# ##.#.....#.........P..
#.####........+............
##...#.#...#P.#...........P.
#.........).................
##.....###...###..........P.
#.....#......?#.#....###P.P
##.....#.......#.###### ##..
#......).........P## ##.
###.........@.......# ##
#P.....#...........P# #.
##......#.......##### ##
##.....#.......######### #.
#P.....###...###[##.#P.#####
##..........)...............
#..#..##...................
#...####..#PP....#.........
##..## ##.P......#.......<.


There were no monsters in sight!

Vanquished Creatures
  The ghost of Hacinufale the Grappler, a journeyman TrTm of Gozag (D:12)
  2 dire elephants (Lair:5)
  The ghost of croobank the Grand Scion, a journeyman DsFE of Hepliaklqana (Lair:5)
  10 hydras
  Josephine (Lair:4)
  4 vault guards (D:14)
  2 ogre magi
  A death knight (D:11)
  10 centaur warriors
  A catoblepas (D:15)
  4 boulder beetles
  7 two-headed ogres
  3 orc high priests (Orc:2)
  4 death yaks (Lair:5)
  5 tengu warriors
  A shock serpent (Snake:1)
  A spectral death yak (Lair:5)
  A salamander mystic (Snake:1)
  3 skeletal warriors
  A golden dragon zombie (D:15)
  A spectral anaconda (Lair:5)
  An obsidian statue (Lair:5)
  A phantasmal warrior (D:15)
  A wizard (D:11)
  A harpy (shapeshifter) (D:14)
  6 orc knights
  3 deep elf pyromancers
  5 necromancers
  3 orc sorcerers (Orc:2)
  A salamander (shapeshifter) (D:15)
  14 ugly things
  5 cyclopes
  4 manticores
  2 salamanders (Snake:1)
  A wolf spider (D:11)
  16 black mambas
  25 elephants
  A stone giant skeleton (D:15)
  An ice statue (IceCv)
  A dire elephant zombie (Lair:5)
  A naga mage (Snake:1)
  14 cane toads
  6 gargoyles
  2 torpor snails
  3 unseen horrors
  2 freezing wraiths
  6 komodo dragons
  A yaktaur (D:15)
  2 rime drakes
  5 efreet
  A kobold demonologist (D:11)
  5 anaconda simulacra (IceCv)
  14 ice devils (IceCv)
  2 tengu conjurers
  An ancient zyme (D:12)
  4 trolls
  5 meliai
  A guardian mummy (D:15)
  A polar bear (Lair:1)
  A wolf spider simulacrum (D:9)
  20 blink frogs
  A large abomination (D:12)
  4 harpy skeletons (Volcano)
  An alligator skeleton (Volcano)
  3 slime creatures (D:15)
  3 flying skulls (Volcano)
  3 centaur simulacra
  7 wyverns
  4 vampires
  4 basilisks
  6 wraiths
  Eustachio (D:4)
  3 steam dragons
  2 small abominations (D:12)
  A human (shapeshifter) (D:12)
  33 yaks
  6 vampire mosquitoes
  2 death yak simulacra (IceCv)
  A spectral cane toad (Lair:5)
  2 wargs
  2 acid dragons
  6 nagas
  A glowing shapeshifter skeleton (D:15)
  9 water moccasins
  A floating eye (shapeshifter) (D:12)
  3 hydra simulacra (IceCv)
  21 orc warriors
  6 sky beasts
  5 black bears
  5 ice beasts
  10 ogres (Orc:2)
  14 wolves
  15 centaurs
  An elephant skeleton (Lair:5)
  2 kobold brigands
  A necrophage (D:6)
  4 scorpions
  11 bullfrogs
  6 cane toad simulacra (IceCv)
  2 two-headed ogre simulacra (IceCv)
  A wight (D:7)
  13 killer bees
  2 troll skeletons (Volcano)
  4 elephant simulacra (IceCv)
  2 spriggan skeletons
  5 howler monkeys
  2 electric eels (D:12)
  A crimson imp (D:3)
  3 jellies
  20 orc priests
  A hound (D:7)
  20 orc wizards
  Natasha (twice) (D:2)
  5 iguanas
  3 polar bear simulacra (IceCv)
  2 wolf simulacra (IceCv)
  3 naga skeletons (Volcano)
  7 gnolls
  4 adders
  A shadow imp (D:8)
  3 white imps
  4 ufetubi
  A dart slug (D:5)
  53 orcs
  10 ball pythons
  8 endoplasms
  4 giant cockroaches
  4 hobgoblins
  2 quokkas
  3 bats
  A frilled lizard (D:1)
  7 goblins
  21 kobolds
  8 rats
695 creatures vanquished.

Vanquished Creatures (collateral kills)
  Rupert (D:14)
  An orc warlord (Orc:1)
  2 two-headed ogres
  2 death yaks (Lair:5)
  An orc knight (Orc:2)
  An orc sorcerer (Orc:2)
  4 elephants (Lair:5)
  A black mamba (Snake:1)
  A cane toad (Lair:5)
  A kobold demonologist (D:11)
  A queen bee (Lair:5)
  A hornet (Lair:5)
  2 blink frogs (Lair:5)
  A basilisk (Lair:5)
  5 orc warriors (Orc:2)
  3 kobold brigands (D:11)
  4 wights (D:8)
  An elephant simulacrum (IceCv)
  2 orc priests (Orc:2)
  An orc wizard (Orc:2)
  A polar bear simulacrum (IceCv)
  A wolf simulacrum (IceCv)
  A hobgoblin (D:2)
  A kobold (D:11)
40 creatures vanquished.

Vanquished Creatures (others)
  A goblin (D:4)
  18 fungi
  21 plants
  10 withered plants
50 creatures vanquished.

Grand Total: 785 creatures vanquished

Notes
Turn   | Place    | Note
-------+----------+-------------------------------------------
     0 | D:1      | KidAlby the Minotaur Berserker began the quest for the Orb.
     0 | D:1      | Reached XP level 1. HP: 19/19 MP: 0/0
   314 | D:1      | Reached XP level 2. HP: 27/27 MP: 1/1
   555 | D:1      | Found a faded altar of an unknown god.
  1000 | D:1      | Gained mutation: You do not regenerate when monsters are
                  | visible. [potion of mutation]
  1000 | D:1      | Gained mutation: You occasionally lose the ability to drink
                  | potions when taking damage. [potion of mutation]
  1000 | D:1      | Gained mutation: You have very sharp teeth. [potion of
                  | mutation]
  1140 | D:2      | Found an ancient bone altar of Kikubaaqudgha.
  1201 | D:2      | Reached skill level 1 in Maces & Flails
  1201 | D:2      | Reached XP level 3. HP: 33/33 MP: 2/2
  1411 | D:2      | Reached skill level 2 in Maces & Flails
  1881 | D:2      | Noticed Natasha
  1883 | D:2      | Killed Natasha
  1884 | D:2      | Reached skill level 3 in Maces & Flails
  1884 | D:2      | Reached XP level 4. HP: 37/40 MP: 3/3
  2027 | D:2      | Noticed Natasha
  2033 | D:2      | Killed Natasha
  2148 | D:3      | Reached skill level 4 in Maces & Flails
  2162 | D:3      | Reached XP level 5. HP: 35/46 MP: 4/4
  2575 | D:3      | Reached ** piety under Trog
  2590 | D:3      | Found a burning altar of Makhleb.
  2590 | D:3      | Found a shimmering altar of Xom.
  2593 | D:3      | Reached skill level 5 in Maces & Flails
  3035 | D:4      | Noticed Eustachio
  3053 | D:4      | Killed Eustachio
  3054 | D:4      | Reached skill level 6 in Maces & Flails
  3054 | D:4      | Reached XP level 6. HP: 36/52 MP: 5/5
  3196 | D:4      | Reached skill level 7 in Maces & Flails
  3444 | D:4      | Reached skill level 8 in Maces & Flails
  3603 | D:4      | Found an iron altar of Okawaru.
  3667 | D:4      | Reached XP level 7. HP: 59/59 MP: 6/6
  3919 | D:4      | Found a staircase to the Ecumenical Temple.
  3928 | Temple   | Entered the Ecumenical Temple
  4418 | D:5      | Entered Level 5 of the Dungeon
  4632 | D:5      | Reached skill level 9 in Maces & Flails
  4646 | D:5      | Reached *** piety under Trog
  4778 | D:5      | Found Veiconul's Assorted Antiques.
  4788 | D:5      | Bought a scroll labelled ZINWATZ IHOMI for 28 gold pieces
  4788 | D:5      | Bought a scroll labelled NUAZXUEMOS for 28 gold pieces
  4788 | D:5      | Bought a scroll labelled GECANY YTWASIU for 28 gold pieces
  4788 | D:5      | Bought a green potion for 25 gold pieces
  4788 | D:5      | Bought a sapphire potion for 25 gold pieces
  4788 | D:5      | Bought an inky potion for 25 gold pieces
  4788 | D:5      | Acquired 835 gold pieces
  5013 | D:5      | Reached skill level 10 in Maces & Flails
  5172 | D:6      | Reached XP level 8. HP: 64/66 MP: 7/7
  5271 | D:6      | Reached skill level 11 in Maces & Flails
  5671 | D:6      | Reached skill level 12 in Maces & Flails
  6128 | D:7      | Reached skill level 5 in Fighting
  6145 | D:7      | Reached XP level 9. HP: 75/75 MP: 8/8
  6156 | D:7      | Lost mutation: You do not regenerate when monsters are
                  | visible. [potion of mutation]
  6156 | D:7      | Lost mutation: You occasionally lose the ability to drink
                  | potions when taking damage. [potion of mutation]
  6156 | D:7      | Gained mutation: You are dopey. (Int -2) [potion of
                  | mutation]
  6156 | D:7      | Lost mutation: You have very sharp teeth. [potion of
                  | mutation]
  6419 | D:7      | Reached **** piety under Trog
  6451 | D:7      | Found Qanuosarch's CLEARANCE SALE!.
  6458 | D:7      | Bought a wand of iceblast (6) for 57 gold pieces
  6458 | D:7      | Bought a potion of heal wounds for 20 gold pieces
  6869 | D:8      | Reached skill level 10 in Fighting
  7051 | D:8      | Noticed a two-headed ogre
  7058 | D:8      | Killed a two-headed ogre
  7059 | D:8      | Reached XP level 10. HP: 96/96 MP: 9/9
  7121 | D:8      | Found a snail-covered altar of Cheibriados.
  7195 | D:8      | Found an ornate altar of the Wu Jian Council.
  7747 | D:9      | Identified the +4 ring mail of the Valley {Harm rPois Str-2
                  | Dex+2}
  7777 | D:9      | Found a transporter.
  8000 | D:9      | Found a staircase to the Orcish Mines.
  8055 | D:9      | Found a transporter.
  8113 | D:9      | Noticed a two-headed ogre
  8122 | D:9      | Killed a two-headed ogre
  8380 | D:9      | Found a glowing silver altar of Zin.
  8384 | D:9      | Found a basalt altar of Yredelemnul.
  8388 | D:9      | Found a white marble altar of Elyvilon.
  9025 | D:10     | Entered Level 10 of the Dungeon
  9088 | D:10     | Reached skill level 15 in Fighting
  9225 | D:10     | Found a stormy altar of Qazlal.
  9414 | D:10     | Reached XP level 11. HP: 104/113 MP: 8/10
  9564 | D:10     | Found a staircase to the Lair.
  9852 | Lair:1   | Entered Level 1 of the Lair of Beasts
 10028 | Lair:1   | Reached skill level 5 in Armour
 10045 | Lair:1   | Reached skill level 5 in Dodging
 10856 | Lair:1   | Identified the +2 chain mail of Foolhardiness {rF+ rC- MP+9
                  | Int+2 Dex+4}
 11359 | Lair:2   | Found a staircase to the Snake Pit.
 11697 | Lair:2   | Noticed a five-headed hydra
 11706 | Lair:2   | Killed a five-headed hydra
 12092 | Lair:2   | Found a staircase to the Shoals.
 12115 | Lair:2   | Reached XP level 12. HP: 121/121 MP: 11/11
 12669 | Lair:3   | Reached skill level 10 in Armour
 13073 | Lair:3   | Reached ***** piety under Trog
 13077 | Lair:3   | Reached skill level 10 in Dodging
 13733 | Lair:4   | Noticed a five-headed hydra
 13742 | Lair:4   | Killed a five-headed hydra
 13969 | Lair:3   | Reached XP level 13. HP: 125/127 MP: 12/12
 14332 | Lair:4   | Reached skill level 1 in Short Blades
 14629 | Lair:4   | Noticed Josephine
 14644 | Lair:4   | Killed Josephine
 15003 | Lair:5   | Entered Level 5 of the Lair of Beasts
 15033 | Lair:5   | Reached skill level 5 in Short Blades
 15196 | Lair:5   | Found a staircase to the Slime Pits.
 15235 | Lair:5   | Received a gift from Trog
 15241 | Lair:5   | Reached skill level 10 in Short Blades
 15370 | Lair:5   | Found a frozen archway.
 15384 | IceCv    | Entered an ice cave
 15628 | IceCv    | Reached skill level 13 in Maces & Flails
 15682 | IceCv    | Reached XP level 14. HP: 93/135 MP: 13/13
 15855 | IceCv    | Found an ancient bone altar of Kikubaaqudgha.
 15927 | IceCv    | Received a gift from Trog
 15946 | IceCv    | Reached skill level 14 in Maces & Flails
 16541 | Lair:5   | Noticed croobank's ghost (journeyman DsFE)
 16565 | Lair:5   | Found a transporter.
 16572 | Lair:5   | Found a transporter.
 16875 | Lair:5   | Reached skill level 15 in Maces & Flails
 17312 | Lair:5   | Found a viscous altar of Jiyva.
 17572 | Lair:5   | Reached skill level 16 in Maces & Flails
 17818 | Lair:5   | Killed croobank's ghost
 18361 | D:11     | Reached skill level 17 in Maces & Flails
 18811 | D:11     | Found a runed translucent door.
 18990 | D:11     | Found a runed translucent door.
 18992 | D:11     | Found a runed translucent door.
 19041 | D:11     | Reached skill level 18 in Maces & Flails
 19560 | D:12     | Found a runed translucent door.
 19666 | D:12     | Noticed Hacinufale's ghost (journeyman TrTm)
 19687 | D:12     | Reached XP level 15. HP: 141/141 MP: 14/14
 19766 | D:12     | Found Siongaj's Weapon Emporium.
 20373 | D:12     | Found a transporter.
 20375 | D:12     | Found a corrupted altar of Lugonu.
 20430 | D:12     | Found a transporter.
 20577 | D:12     | Killed Hacinufale's ghost
 20634 | D:12     | Reached skill level 19 in Maces & Flails
 20877 | D:12     | Paralysed by a floating eye for 4 turns
 21181 | Orc:1    | Entered Level 1 of the Orcish Mines
 21279 | Orc:1    | Found an ornate altar of the Wu Jian Council.
 21280 | Orc:1    | Found a transporter.
 21288 | Orc:1    | Found a transporter.
 21295 | Orc:1    | Found a transporter.
 21312 | Orc:1    | Found a transporter.
 21312 | Orc:1    | Found an ornate altar of the Wu Jian Council.
 21312 | Orc:1    | Noticed an orc warlord
 21710 | Orc:1    | Received a gift from Trog
 21979 | Orc:2    | Entered Level 2 of the Orcish Mines
 21998 | Orc:2    | Found a dark tunnel.
 22004 | Volcano  | Entered a volcano
 22794 | Orc:2    | Reached skill level 20 in Maces & Flails
 23016 | Orc:2    | Found a staircase to the Elven Halls.
 23035 | Orc:2    | Found Kol Iro's Jewellery Boutique.
 23078 | Orc:2    | Paralysed by an orc sorcerer for 5 turns
 23134 | Orc:2    | Found Yttefais's Armour Shoppe.
 23153 | Orc:2    | Found Esytsaq's Weapon Shoppe.
 23155 | Orc:2    | Found Haclyatt's Antique Armour Boutique.
 23674 | Orc:1    | Killed an orc warlord
 23900 | D:13     | Reached skill level 21 in Maces & Flails
 24794 | D:14     | Noticed Rupert
 24804 | D:14     | Killed Rupert
 24816 | D:14     | Found a gate to the Vaults.
 24833 | D:14     | Reached skill level 22 in Maces & Flails
 25135 | D:14     | Reached XP level 16. HP: 149/149 MP: 15/15
 25599 | D:14     | Received a gift from Trog
 25732 | D:14     | Acquired the ring of Nuodeije {rPois rN+ rCorr Str+3 Int+3}
 25976 | D:15     | Entered Level 15 of the Dungeon
 26103 | D:15     | Found a staircase to the Depths.
 27306 | D:15     | Found a shimmering altar of Xom.
 27462 | D:15     | Reached skill level 15 in Armour
 27802 | Snake:1  | Entered Level 1 of the Snake Pit
 28264 | Snake:1  | HP: 7/149 [poisoned by a naga ritualist (splash of poison)]
 28264 | Snake:1  | HP: 3/149 [naga ritualist/Olgreb's Toxic Radiance (4)]
 28265 | Lair:2   | Succumbed to a naga warrior's splash of poison

Illustrated notes

Levels and vault maps discovered:
D:1:      nzn_arrival_settlement, layout_basic,
          hellmonk_ecumenical_altar_inner_sanctum, hangedman_decor_push
D:2:      layout_basic, basic_altar, nrook_uturn, grunt_decor_clamped,
          st_stairs_14, uniq_natasha
D:3:      layout_basic, grunt_temple_overflow_champion_of_chaos
D:4:      layout_loops_ring, okawaru_ov_weapons_minmay,
          lemuel_temple_firewalk_b, minmay_misc_feat_iff,
          kennysheep_generic_room_6, uniq_eustachio
D:5:      layout_rooms, serial_shops, shop
D:6:      nicolae_BIG_FREAKIN_CUBE, layout_basic
D:7:      minmay_inner_zag, layout_basic, nicolae_shop_clearance
D:8:      layout_cave_pods, mainiacjoe_overflow_tiny_flanked,
          amcnicky_altar_gilded
D:9:      gammafunk_cloud_chamber, layout_basic, grunt_temple_overflow_diamond,
          serial_corexii_hall, corexii_hall_statues_s, corexii_hall_statues_s,
          corexii_hall_statues_deadend, chequers_hall_statues_wall_a
D:10:     layout_small_grid, grunt_qazlal_sundering, erik_lair_dragon,
          serial_rivers, chequers_serial_rivers_marsh,
          chequers_serial_rivers_micro_c, chequers_serial_rivers_small_b,
          chequers_serial_rivers_marsh
D:11:     minmay_the_grid_triangle_9x9_recursive_3
          [minmay_the_grid_triangle_9x9_thin_v,
          minmay_the_grid_triangle_9x9_zippers_horizontal,
          minmay_the_grid_triangle_9x9_tough_junction,
          minmay_the_grid_triangle_9x9_prize_top_heavy,
          minmay_the_grid_triangle_9x9_semitri,
          minmay_the_grid_triangle_9x9_subtriangle,
          minmay_the_grid_triangle_9x9_alien,
          minmay_the_grid_triangle_9x9_longest,
          minmay_the_grid_triangle_9x9_limited_checkers], layout_basic
D:12:     gammafunk_corrupted_shrine, layout_loops_ring, serial_shops,
          nicolae_shop_bloodbath_and_beyond, hellmonk_ghost_happy_afterlife,
          nicolae_water_bricks
D:13:     layout_roguey
D:14:     layout_long_grid, lightli_vaults_fourway_checkpoint,
          dreamdust_princess_bridge, abandoned_shop, uniq_rupert
D:15:     gammafunk_depths_entry_grave, layout_basic, minmay_misc_feat_room,
          tgw_xom
Temple:   nicolae_temple_figure_eight
Lair:1:   layout_layer_cave, lemuel_fruit_tree, grunt_megastairs_1
Lair:2:   layout_chaotic_city, minmay_shoals_entry_centaurs,
          minmay_snake_entry_guardpost_small
Lair:3:   layout_chaotic_city, gauntlet_entry_generic
Lair:4:   layout_hall_layers, grunt_megastairs_4, uniq_josephine
Lair:5:   due_jungle_book, layout_loops_ring, slime_entry_1,
          gammafunk_ghost_hive, portal_ice_cave_entry_pillars_2,
          serial_bayou_pond_a
Snake:1:  layout_misc_corridors
Orc:1:    dreamdust_wu_jian_sword_trials, layout_diamond_mine, basic_altar
Orc:2:    st_orc_elflike, layout_caves, enter_volcano_1, mines4_lemuel

Skill      XL: |  1  2  3  4  5  6  7  8  9 10 11 12 13 14 15 16 |
---------------+-------------------------------------------------+-----
Armour         | 3 9 12 15 | 15.9
Axes           | 4 |  4.0
Fighting       | 4 5 11 15 | 15.4
Maces & Flails | 1 3 4 6 8 10 12 13 18 22 | 22.6
Dodging        | 8 11 | 11.8
Short Blades   | 11 | 11.1

Action                   |  1- 3 |  4- 6 |  7- 9 | 10-12 | 13-15 | 16-18 || total
-------------------------+-------+-------+-------+-------+-------+-------++-------
Melee: Hand axe          |    37 |       |       |       |       |    25 ||    62
       Headbutt          |    10 |     8 |    26 |    79 |   239 |    56 ||   418
       Great mace        |    21 |    86 |   201 |   352 |   829 |   215 ||  1704
       Bite              |     1 |     2 |    14 |       |       |       ||    17
       Demon whip        |       |       |       |       |   216 |       ||   216
       Short sword       |       |       |       |       |     6 |       ||     6
       Punch             |       |       |       |       |     2 |       ||     2
Invok: Berserk           |       |     1 |       |       |     2 |       ||     3
       Brothers in Arms  |       |       |     1 |     3 |    11 |     1 ||    16
       Trog's Hand       |       |       |       |     1 |     4 |       ||     5
Evoke: Box of beasts     |       |       |       |       |     1 |       ||     1
  Use: Scroll            |     6 |     4 |     5 |     6 |     6 |     4 ||    31
       Potion            |     4 |     2 |     4 |     4 |     1 |     3 ||    18
 Stab: Invisible         |     1 |       |       |       |       |       ||     1
       Distracted        |       |       |       |       |     2 |       ||     2
Armor: Animal skin       |    13 |       |       |       |       |       ||    13
       Chain mail        |     1 |    87 |   143 |   190 |   188 |       ||   609
       Steam dragon scal |       |       |       |   120 |       |       ||   120
       Crystal plate arm |       |       |       |       |   656 |   200 ||   856
Dodge: Dodged            |    27 |    54 |    65 |   302 |   510 |   113 ||  1071
Block: Other             |       |       |       |       |    16 |    42 ||    58
       Reflection        |       |       |       |       |       |     2 ||     2
